 Dungeon Crawl Stone Soup version 0.22.0-40-g68aacdc (webtiles) character file.

1476 digijack the Covered (level 8, -4/71 HPs)
             Began as a Minotaur Fighter on Sept 2, 2018.
             Was an Initiate of Okawaru.
             Slain by a two-headed ogre
             ... wielding a cursed +0 giant spiked club
              (16 damage)
             ... on level 5 of the Dungeon.
             The game lasted 00:20:28 (3826 turns).

digijack the Covered (Minotaur Fighter)             Turns: 3826, Time: 00:20:29

Health: -4/71      AC: 12    Str: 21    XL:     8   Next: 49%
Magic:  7/7        EV: 10    Int:  5    God:    Okawaru [......]
Gold:   204        SH: 10    Dex: 12    Spells: 7/7 levels left

rFire    . . .     SeeInvis .   a - +1 long sword
rCold    . . .     Gourm    .   c - +0 shield
rNeg     . . .     Faith    .   i - +3 scale mail {rPois}
rPois    +         Spirit   .   e - +0 hat
rElec    .         Reflect  .   (no cloak)
rCorr    .         Harm     .   (no gloves)
MR       +....                  k - +0 pair of boots
Stlth    ..........             (no amulet)
HPRegen  0.21/turn              n - ring of protection from magic
MPRegen  0.10/turn              (no ring)

@: no status effects
A: retaliatory headbutt, horns 2
a: Renounce Religion


You were on level 5 of the Dungeon.
You worshipped Okawaru.
Okawaru was noncommittal.
You were not hungry.

You visited 1 branch of the dungeon, and saw 5 of its levels.
You also visited: Ossuary.

You collected 204 gold pieces.

Inventory:

Hand Weapons
 a - a +1 long sword (weapon)
Missiles
 g - 3 throwing nets
 h - 113 stones
 l - 8 poisoned tomahawks (quivered)
Armour
 c - a +0 shield (worn)
 e - a +0 hat (worn)
 i - a +3 scale mail of poison resistance (worn)
 k - a +0 pair of boots (worn)
Jewellery
 n - a ring of protection from magic (left hand)
Wands
 b - a wand of random effects (31)
 m - a wand of paralysis (10)
Scrolls
 d - 2 scrolls of amnesia
 p - a scroll of identify
Potions
 o - 6 potions of brilliance
 q - a potion of haste
Comestibles
 f - 7 rations
 r - 9 chunks of flesh


   Skills:
 + Level 6.7 Fighting
 + Level 6.1 Long Blades
 + Level 7.0 Armour
 + Level 4.6 Dodging
 + Level 6.7 Shields


You had 7 spell levels left.
You didn't know any spells.
Your spell library contained the following spells:

 Spells                   Type           Power        Failure   Level  Hunger
 Animate Skeleton         Necr           N/A          98%         1    ##.....
 Apportation              Tloc           #.....       98%         1    ##.....
 Confusing Touch          Hex            #.....       98%         1    ##.....
 Summon Small Mammal      Summ           #...         98%         1    ##.....


Dungeon Overview and Level Annotations

Branches:
Dungeon (5/15)
 Temple: D:4-7

Altars:
Elyvilon
Nemelex Xobeh
Okawaru
Sif Muna
Zin
The Shining One


Innate Abilities, Weirdness & Mutations

You reflexively headbutt those who attack you in melee.
You have a pair of horns on your head.


Message History

The two-headed ogre is moderately wounded.
The two-headed ogre hits you with a giant spiked club!
The two-headed ogre barely misses you.
You hit the two-headed ogre.
The two-headed ogre is moderately wounded.
An ogre comes into view. It is wielding a giant club.
You hit the two-headed ogre.
The two-headed ogre is heavily wounded.
The two-headed ogre hits you with a giant spiked club!!
The two-headed ogre hits you but does no damage.
You slash the two-headed ogre!
The two-headed ogre is severely wounded.
The two-headed ogre hits you with a giant spiked club!!
* * * LOW HITPOINT WARNING * * *
The two-headed ogre hits you with a giant club.
* * * LOW HITPOINT WARNING * * *
You feel better. The two-headed ogre misses you. You furiously retaliate!
You headbutt the two-headed ogre!
The two-headed ogre hits you with a giant club!
You die...

#. ..# ##. ..
#####..
##..####
....... ...
..# ####.. #..
... ##. #.#
#.# #. #.# #.#
#. #@#
#.####### #.
#O####.......#
#.
#O.....#####.#
#. #..###.#
#.# #. #..#
#.# #.# ##
....# #.# #.#
...##.# #.#
#.##### #....
... ..#
#...... ##..
#######
######.


You could see a two-headed ogre and an ogre.

Vanquished Creatures
  An ice beast (D:4)
  2 phantoms
  2 ogres
  4 elf zombies
  2 elf skeletons (D:5)
  A howler monkey (D:5)
  A centaur zombie (Ossuary)
  A crimson imp (D:5)
  A jelly (D:5)
  2 hounds
  An orc wizard (D:4)
  Jessica (D:2)
  A human skeleton (D:5)
  3 iguanas
  2 worker ants (D:5)
  Terence (D:2)
  2 mummies (Ossuary)
  4 adders
  4 gnolls (D:4)
  2 shadow imps (D:5)
  2 oozes (D:2)
  An adder zombie (Ossuary)
  An adder skeleton (D:4)
  2 worms
  4 dart slugs
  2 leopard geckos
  5 orcs
  2 giant cockroaches
  4 goblins
  4 hobgoblins
  14 jackals
  10 kobolds
  3 quokkas
  A ball python (D:1)
  8 bats
  8 frilled lizards
  2 goblin zombies (Ossuary)
  9 hobgoblin zombies (Ossuary)
  3 jackal zombies (Ossuary)
  7 kobold zombies (Ossuary)
  An orc skeleton (D:5)
  10 orc zombies
  4 rats
  2 rat zombies (Ossuary)
147 creatures vanquished.

Notes
Turn   | Place    | Note
-------+----------+-------------------------------------------
     0 | D:1      | digijack the Minotaur Fighter began the quest for the Orb.
     0 | D:1      | Reached XP level 1. HP: 19/19 MP: 0/0
   113 | D:1      | Reached skill level 4 in Armour
   152 | D:1      | Reached XP level 2. HP: 26/27 MP: 1/1
   591 | D:1      | Reached XP level 3. HP: 27/33 MP: 2/2
   842 | D:2      | Noticed Terence
   846 | D:2      | Killed Terence
   884 | D:2      | Reached XP level 4. HP: 38/40 MP: 3/3
  1072 | D:2      | Noticed Jessica
  1079 | D:2      | Killed Jessica
  1079 | D:2      | Reached skill level 1 in Dodging
  1157 | D:2      | Found a deep blue altar of Sif Muna.
  1157 | D:2      | Found a glowing silver altar of Zin.
  1157 | D:2      | Found a glowing golden altar of the Shining One.
  1157 | D:2      | Found a sparkling altar of Nemelex Xobeh.
  1167 | D:2      | Found a white marble altar of Elyvilon.
  1448 | D:2      | Reached XP level 5. HP: 47/47 MP: 4/4
  1916 | D:3      | Found a faded altar of an unknown god.
  2199 | D:4      | Reached skill level 5 in Armour
  2438 | D:4      | Noticed an ice beast
  2454 | D:4      | Killed an ice beast
  2454 | D:4      | Reached skill level 5 in Fighting
  2454 | D:4      | Reached skill level 5 in Shields
  2454 | D:4      | Reached XP level 6. HP: 53/56 MP: 5/5
  2795 | D:4      | Reached XP level 7. HP: 56/61 MP: 6/6
  3132 | D:5      | Entered Level 5 of the Dungeon
  3202 | D:5      | Reached skill level 6 in Armour
  3208 | D:5      | Found a sand-covered staircase.
  3245 | D:5      | Reached skill level 5 in Long Blades
  3287 | Ossuary  | Entered an ossuary
  3499 | Ossuary  | Reached XP level 8. HP: 40/70 MP: 7/7
  3729 | D:5      | Found an iron altar of Okawaru.
  3741 | D:5      | Became a worshipper of Warmaster Okawaru
  3802 | D:5      | Reached skill level 7 in Armour
  3815 | D:5      | Noticed a two-headed ogre
  3826 | D:5      | Slain by a two-headed ogre

Skill      XL: |  1  2  3  4  5  6  7  8 |
---------------+-------------------------+-----
Armour         | 4 5 6 7 |  7.0
Shields        | 4 5 6 |  6.7
Long Blades    | 3 4 5 6 |  6.1
Fighting       | 4 5 6 |  6.7
Dodging        | 1 2 3 4 |  4.6

Action                   |  1- 3 |  4- 6 |  7- 9 || total
-------------------------+-------+-------+-------++-------
Melee: Long sword        |    76 |   137 |   179 ||   392
       Headbutt          |    11 |    21 |    46 ||    78
  Use: Potion            |     1 |     7 |     5 ||    13
       Scroll            |       |     6 |       ||     6
  Eat: Chunk             |       |     6 |     4 ||    10
Armor: Scale mail        |    66 |    63 |    91 ||   220
Dodge: Dodged            |    35 |    46 |   102 ||   183
Block: Shield            |    61 |    71 |   112 ||   244
       Rpst.: Long sword |     7 |    11 |    25 ||    43
